[Event "Team 45 45 League T48"]
[Site "Internet Chess Club"]
[Date "2011.03.11"]
[Round "5"]
[White "DARKwizard1"]
[Black "LobowolfXXX"]
[Result "1-0"]
[WhiteElo "1962"]
[BlackElo "1911"]
[Opening "Scotch gambit: Dubois-Réti defense"]
[ECO "C55"]
[Time "18:00:37"]
[TimeControl "2700+45"]

1. e4 e5 2. Nf3 Nc6 3. d4 exd4 4. Bc4 Nf6 5. e5 d5 6. Bb5 Ne4 7. Nxd4 Bc5 8. Be3
Bxd4 9. Bxd4 O-O 10. O-O Nxd4 11. Qxd4 c6 12. Bd3 Ng5 13. f4 Ne6 14. Qf2 Qb6 15.
Nd2 Qxf2+ 16. Rxf2 Nc5 17. h3 Nxd3 18. cxd3 Bf5 19. d4 Bd3 20. Rc1 Rab8 21. Rf3
Ba6 22. Rfc3 Rfc8 23. a3 Kf8 24. Kf2 Ke7 25. Nb3 Bc4 26. Na1 Kd7 27. Nc2 b6 28.
b3 Ba6 29. g4 Bb7 30. Ne3 g6 31. Kg3 c5 32. Nc2 Ke6 33. Kf2 h6 34. b4 cxb4 35.
Nxb4 Rxc3 36. Rxc3 a5 37. Nc2 Rc8 38. Rxc8 Bxc8 39. Ne3 Bb7 40. f5+ Ke7 41. Ke2
Ba6+ 42. Kd2 Bb7 43. Kc3 Bc6 44. h4 Bb7 45. Ng2 Bc8 46. Nf4 gxf5 47. Nxd5+ Ke6
48. Nf4+ Ke7 49. gxf5 Bxf5 50. Nd5+ Ke6 51. Nxb6 Be4 52. Nc4 a4 53. Nb6 Bc6 54.
Kd3 f6 55. Kc4 Be8 56. exf6 Kxf6 57. d5 Ke5 58. Kc5 h5 59. d6 Ke6 60. Nd5 Kf5
61. Kb6 Ke5 62. Nc7 Bd7 63. Kc5 Ke4 64. Nd5 Ke5 65. Nb6 Ke6 66. Nxd7 Kxd7 67.
Kd5 Kd8 68. Kc6 Kc8 69. Kb5 Kd7 70. Kxa4 Kxd6 71. Kb5 Kc7 72. Kc5 {Black
resigns} 1-0

[Event "Team 45 45 League T48"]
[Site "Internet Chess Club"]
[Date "2011.03.13"]
[Round "5"]
[White "zap2"]
[Black "kabindra"]
[Result "1/2-1/2"]
[WhiteElo "1805"]
[BlackElo "1761"]
[Opening "Réti: King's Indian attack"]
[ECO "A05"]
[Time "10:30:27"]
[TimeControl "2700+45"]

1. Nf3 Nf6 2. g3 g6 3. Bg2 Bg7 4. d3 O-O 5. Nbd2 d5 6. O-O c6 7. e4 Bg4 8. h3
dxe4 9. dxe4 Bxf3 10. Bxf3 Qd7 11. Bg2 Rd8 12. Qe2 Na6 13. a4 Qe6 14. Kh2 Nd5
15. c3 Nc5 16. Qc4 Nf4 17. Qxc5 Nd3 18. Qe3 Qd6 19. f4 Nxc1 20. Nc4 Qd3 21.
Raxc1 Qxc4 22. e5 a6 23. b3 Qd3 24. Qxd3 Rxd3 25. Be4 Rd2+ 26. Kg1 e6 27. Rf2
Rad8 28. Rxd2 Rxd2 29. Kf1 Kf8 30. Ke1 Rd7 31. b4 Ke8 32. Ke2 Kd8 33. Ke3 f6 34.
exf6 Bxf6 35. g4 e5 36. Rc2 exf4+ 37. Kxf4 Rd1 38. c4 {Game drawn by mutual
agreement} 1/2-1/2

[Event "Team 45 45 League T48"]
[Site "Internet Chess Club"]
[Date "2011.03.15"]
[Round "5"]
[White "dscvdchk"]
[Black "taldeital"]
[Result "0-1"]
[WhiteElo "1451"]
[BlackElo "1593"]
[Opening "QGD Slav: Dutch variation"]
[ECO "D18"]
[Time "17:08:12"]
[TimeControl "2700+45"]

1. Nf3 d5 2. d4 Nf6 3. c4 c6 4. Nc3 dxc4 5. a4 Bf5 6. e3 e6 7. Bxc4 Nbd7 8. O-O
Bd6 9. Re1 Bb4 10. Qb3 Qb6 11. Nh4 Bg4 12. h3 Bh5 13. Bd2 a5 14. Qc2 Rd8 15. Be2
Bxe2 16. Rxe2 O-O 17. Nf3 Rfe8 18. e4 e5 19. d5 Rc8 20. Qd1 cxd5 21. Nxd5 Nxd5
22. exd5 e4 23. Ng5 Nf6 24. h4 h6 25. Nh3 Red8 26. Be3 Qd6 27. Nf4 Nxd5 28. Nxd5
Qxd5 29. Qxd5 Rxd5 30. Bf4 f5 31. g4 fxg4 32. Rxe4 Rc2 33. Rb1 h5 34. Re7 Bxe7
{White resigns} 0-1

[Event "Team 45 45 League T48"]
[Site "Internet Chess Club"]
[Date "2011.03.10"]
[Round "5"]
[White "TheEvilOverlord"]
[Black "Lyko"]
[Result "1-0"]
[WhiteElo "1261"]
[BlackElo "1362"]
[Opening "Ruy Lopez: closed"]
[ECO "C90"]
[Time "14:00:23"]
[TimeControl "2700+45"]

1. e4 e5 2. Nf3 Nc6 3. Bb5 a6 4. Ba4 Nf6 5. O-O Be7 6. Re1 b5 7. Bb3 d6 8. c3
Na5 9. Bc2 c5 10. d4 cxd4 11. cxd4 exd4 12. Nxd4 Bb7 13. Nc3 O-O 14. b3 Rc8 15.
Nd5 Nxd5 16. exd5 Bxd5 17. Bxh7+ Kxh7 18. Qh5+ Kg8 19. Qxd5 Rc5 20. Qf3 Bf6 21.
Bb2 Bxd4 22. Bxd4 Rc2 23. Qg4 f6 24. Qf5 Qc7 25. Bb6 Qc3 26. Bxa5 b4 27. Bxb4
Qb2 28. Bxd6 Rfc8 29. Bb4 Qxa1 30. Rxa1 Rc1+ 31. Be1 Rxa1 32. Qxc8+ Kh7 33. Qc3
{Black resigns} 1-0

[Event "Team 45 45 League T48"]
[Site "Internet Chess Club"]
[Date "2011.03.12"]
[Round "5"]
[White "matthewc"]
[Black "dabodhi"]
[Result "1-0"]
[WhiteElo "1434"]
[BlackElo "1205"]
[Opening "Queen's pawn game"]
[ECO "A46"]
[Time "20:00:11"]
[TimeControl "2700+45"]

1. d4 Nf6 2. Nf3 e6 3. Nbd2 d5 4. e3 Be7 5. c3 Nbd7 6. Bd3 c5 7. b3 Qa5 8. Bb2
b5 9. a3 Ba6 10. Qe2 O-O 11. b4 Qc7 12. bxc5 Rab8 13. O-O e5 14. a4 Bc8 15. dxe5
Nxe5 16. Nxe5 Qxe5 17. Bxb5 Bg4 18. Nf3 Bxf3 19. gxf3 Bxc5 20. f4 Qe6 21. Rab1
Qd6 22. c4 a6 23. Be5 Qe6 24. Bxb8 Rxb8 25. cxd5 Qf5 26. Bd3 Qc8 27. Rxb8 Qxb8
28. Bxa6 h6 29. Rc1 Qd6 30. Qb5 Ba3 31. Rc8+ Kh7 32. Rc6 Qd7 33. Qd3+ Kh8 34.
Qxa3 Qg4+ 35. Kf1 Qd1+ 36. Kg2 Qg4+ 37. Kh1 Qf3+ 38. Kg1 Ng4 39. Qf8+ Kh7 40.
Bd3+ g6 41. Qxf7+ Kh8 42. Rc8# {Black checkmated} 1-0

[Event "Team 45 45 League T48"]
[Site "Internet Chess Club"]
[Date "2011.03.13"]
[Round "5"]
[White "GiulioCre"]
[Black "JimGaming"]
[Result "0-1"]
[WhiteElo "1259"]
[BlackElo "1233"]
[Opening "Bogo-Indian defense, Nimzovich variation"]
[ECO "E11"]
[Time "15:40:32"]
[TimeControl "2700+45"]

1. d4 Nf6 2. Nf3 e6 3. c4 Bb4+ 4. Bd2 Qe7 5. a3 Bxd2+ 6. Nbxd2 d6 7. e3 O-O 8.
Bd3 Nc6 9. O-O e5 10. Ne4 Bg4 11. Nxf6+ Qxf6 12. Be4 Rab8 13. Qd3 Bxf3 14. Bxf3
exd4 15. Bxc6 bxc6 16. Qxd4 Qxd4 17. exd4 Rxb2 18. Rfb1 Rfb8 19. Rxb2 Rxb2 20.
Re1 Kf8 21. g3 a5 22. c5 d5 23. f4 a4 24. g4 Rb3 25. Ra1 g6 26. h4 Rg3+ 27. Kh2
Rxg4 28. Kh3 Rxf4 29. Rb1 Rf3+ 30. Kg4 Rb3 31. Ra1 h6 32. Kf4 f6 {White resigns}
0-1

[Event "Team 45 45 League T48"]
[Site "Internet Chess Club"]
[Date "2011.03.14"]
[Round "5"]
[White "BrerRabbit"]
[Black "BaumDeezy"]
[Result "1-0"]
[WhiteElo "1575"]
[BlackElo "1495"]
[Opening "English opening"]
[ECO "A20"]
[Time "19:21:27"]
[TimeControl "2700+45"]

1. c4 e5 2. g3 Nf6 3. Bg2 Nc6 4. Nc3 Bb4 5. Nd5 O-O 6. Nxb4 Nxb4 7. d3 d5 8. Qb3
c5 9. a3 Nc6 10. cxd5 Nd4 11. Qc4 b6 12. e3 Ba6 13. Qxa6 Nc2+ 14. Kd2 Nxa1 15.
Qc4 Qd6 16. Qa2 Rad8 17. e4 Nd7 18. Qxa1 f5 19. Ne2 b5 20. Rf1 c4 21. Qb1 fxe4
22. dxe4 Nc5 23. Kd1 Nb3 24. Nc3 b4 25. axb4 Qxb4 26. Be3 a5 27. Qa2 Rd6 28. Qa4
Qxa4 29. Nxa4 Rb8 30. f3 Rb4 31. Nc3 Kf7 32. Rf2 Ke7 33. Bf1 Ra6 34. Na2 Ra4 35.
Nc3 Rb4 36. f4 Kd6 37. fxe5+ Kxe5 38. Rf7 Nd4 39. Bh3 Rxb2 40. Bf4# {Black
checkmated} 1-0

[Event "Team 45 45 League T48"]
[Site "Internet Chess Club"]
[Date "2011.03.10"]
[Round "5"]
[White "JohLeb"]
[Black "Bible-Believer"]
[Result "0-1"]
[WhiteElo "1446"]
[BlackElo "1526"]
[Opening "QGD: Tarrasch defense"]
[ECO "D32"]
[Time "14:58:50"]
[TimeControl "2700+45"]

1. d4 d5 2. c4 e6 3. Nf3 c5 4. cxd5 exd5 5. Nc3 Nc6 6. e3 Nf6 7. Bb5 Bd6 8. dxc5
Bxc5 9. Ne5 Qd6 10. Nxc6 bxc6 11. Be2 O-O 12. O-O Re8 13. b3 Bb6 14. a4 Bc7 15.
f4 Rb8 16. Rf3 Qb4 17. Bd2 Qxb3 18. Qxb3 Rxb3 19. Rff1 Bf5 20. Bd1 Rb2 21. Ra2
Rxa2 22. Nxa2 Bb6 23. Re1 Re4 24. Kh1 Ng4 25. Bxg4 Bxg4 26. Nc3 Re8 27. h3 Bf5
28. g4 Bc2 29. Kg2 Kf8 30. Kf3 Ba5 31. Rc1 Bxa4 32. Nxa4 Bxd2 33. Rxc6 Rxe3+ 34.
Kf2 Re7 35. f5 f6 36. Kg3 d4 37. Nc5 d3 38. Ne6+ Ke8 39. Kf2 a5 40. Rc8+ Kd7 41.
Rc7+ Kd6 42. Rxe7 Kxe7 43. Nc5 Kd6 44. Nxd3 a4 45. Ke2 Bc3 46. Kd1 Kd5 47. Kc2
Kc4 48. Nc1 a3 49. Na2 Bb2 50. h4 h6 51. h5 Kd4 52. Nb4 Ke4 53. Nd3 Kf3 54. Nxb2
axb2 55. Kxb2 Kxg4 56. Kc2 Kxf5 57. Kd3 Kf4 58. Ke2 Kg3 59. Ke3 f5 {White
resigns} 0-1

[Event "Team 45 45 League T48"]
[Site "Internet Chess Club"]
[Date "2011.03.12"]
[Round "5"]
[White "chesskix"]
[Black "witchfynder"]
[Result "1-0"]
[WhiteElo "1451"]
[BlackElo "1359"]
[Opening "English: Bremen system, Keres variation"]
[ECO "A23"]
[Time "16:00:33"]
[TimeControl "2700+45"]

1. c4 e5 2. Nc3 Nf6 3. g3 c6 4. Bg2 d5 5. b3 Be7 6. Bb2 Be6 7. d3 O-O 8. Qc2
Nbd7 9. Nf3 Rc8 10. O-O b5 11. Ng5 Bf5 12. e4 Bg6 13. exd5 cxd5 14. Nxb5 Bc5 15.
Qe2 Re8 16. cxd5 Nxd5 17. Ne4 a6 18. Nbd6 Bxd6 19. Nxd6 Nc5 20. Nxe8 Bxd3 21.
Qxe5 Bxf1 22. Qxg7# {Black checkmated} 1-0

[Event "Team 45 45 League T48"]
[Site "Internet Chess Club"]
[Date "2011.03.14"]
[Round "5"]
[White "Aquaman"]
[Black "bowwrestler"]
[Result "1-0"]
[WhiteElo "1350"]
[BlackElo "1237"]
[Opening "Réti opening"]
[ECO "A05"]
[Time "15:00:32"]
[TimeControl "2700+45"]

1. Nf3 Nf6 2. g3 d5 3. Bg2 c5 4. O-O Nc6 5. d3 e5 6. Nbd2 Be7 7. Re1 e4 8. dxe4
dxe4 9. Ng5 Bf5 10. Ngxe4 O-O 11. Nxf6+ Bxf6 12. c3 Qd7 13. Ne4 Qxd1 14. Rxd1
Bxe4 15. Bxe4 Rfe8 16. Bxc6 bxc6 17. Kf1 Re6 18. Be3 c4 19. Rd7 a5 20. Rad1 h6
21. Rb7 a4 22. a3 Kh7 23. Rdd7 Kg6 24. Rxf7 Ra5 25. Rfc7 Rae5 26. Rb4 Rf5 27.
Ke1 Rd5 28. Rxc4 Red6 29. Bd4 Bxd4 30. cxd4 Rxd4 31. Rxd4 Rxd4 32. Rxc6+ Kf7 33.
Rc2 Rd5 34. Rd2 Rc5 35. Kd1 Ke6 36. Rd3 Ke5 37. Kd2 Rb5 38. Kc2 Kf5 39. Rd4 Ke5
40. e3 Rc5+ 41. Kd2 Kf5 42. Rxa4 Rd5+ 43. Rd4 Rb5 44. Kc3 Ke5 45. a4 Rc5+ 46.
Kd2 Rc6 47. b4 Rf6 48. f4+ Kf5 49. h3 h5 50. Ke2 Rh6 51. b5 Rb6 52. Rd5+ Kg6 53.
Rc5 Kf7 54. a5 Rb7 55. b6 Ke6 56. Rxh5 Kd6 57. Re5 Kc6 58. h4 Kd6 59. g4 Kc6 60.
g5 Kd6 61. h5 Kc6 62. g6 Kd6 63. Kf3 Rb8 64. Ke4 Rc8 65. Rd5+ Ke6 66. f5+ Kf6
67. Kf4 Rc4+ 68. Rd4 Rc8 69. Rd6+ Ke7 70. Re6+ Kf8 71. a6 Ra8 72. a7 Kg8 73. b7
Rd8 74. b8=Q Rxb8 75. axb8=Q# {Black checkmated} 1-0

[Event "Team 45 45 League T48"]
[Site "Internet Chess Club"]
[Date "2011.03.11"]
[Round "5"]
[White "SugarIslander"]
[Black "DarkFlow"]
[Result "0-1"]
[WhiteElo "1638"]
[BlackElo "1976"]
[Opening "Grünfeld: 5.e3"]
[ECO "D94"]
[Time "14:00:21"]
[TimeControl "2700+45"]

1. d4 Nf6 2. c4 g6 3. Nf3 d5 4. Nc3 Bg7 5. e3 O-O 6. Qc2 c6 7. Bd3 Be6 8. Ng5
Qd7 9. Nxe6 Qxe6 10. Ne2 dxc4 11. Bxc4 Qe4 12. Qxe4 Nxe4 13. Nc3 Nd6 14. Bd3 Nd7
15. O-O Nb6 16. Ne2 e5 17. Rb1 Rad8 18. Rd1 exd4 19. Nxd4 Rd7 20. Be2 Ndc4 21.
b3 c5 22. bxc4 cxd4 23. c5 Nd5 24. Bb2 dxe3 25. fxe3 a6 26. Bf3 Rfd8 27. Kf2 a5
28. e4 Nb4 29. Bxg7 Kxg7 30. Rxd7 Rxd7 31. a3 Nd3+ 32. Ke2 Nxc5 33. Rb5 Ne6 34.
Rxa5 Nd4+ 35. Kf2 Nxf3 36. gxf3 Rd2+ 37. Kg3 Rb2 38. a4 Rb4 39. h4 h5 40. Rb5
Rxb5 41. axb5 Kf6 42. Kf4 b6 43. Ke3 g5 44. hxg5+ Kxg5 45. f4+ Kg4 46. e5 h4 47.
Kf2 Kxf4 48. Kg2 Kxe5 49. Kh3 Kd5 50. Kxh4 Kc5 51. Kg5 Kxb5 52. Kf6 Kc4 53. Kxf7
b5 {White resigns} 0-1

[Event "Team 45 45 League T48"]
[Site "Internet Chess Club"]
[Date "2011.03.12"]
[Round "5"]
[White "Grenadier"]
[Black "oldsj"]
[Result "1-0"]
[WhiteElo "1795"]
[BlackElo "1605"]
[Opening "Ruy Lopez: open (Tarrasch) defense"]
[ECO "C80"]
[Time "08:00:52"]
[TimeControl "2700+45"]

1. e4 e5 2. Nf3 Nc6 3. Bb5 a6 4. Ba4 Nf6 5. O-O Nxe4 6. Re1 Nc5 7. Bxc6 dxc6 8.
Nxe5 Be7 9. Qe2 O-O 10. Nxc6 bxc6 11. Qxe7 Qd5 12. Nc3 Qh5 13. Re5 Bf5 14. Qxc5
Rfe8 15. d3 Bxd3 16. Rxe8+ Rxe8 17. Be3 {Black resigns} 1-0

[Event "Team 45 45 League T48"]
[Site "Internet Chess Club"]
[Date "2011.03.13"]
[Round "5"]
[White "Warpdrive"]
[Black "GoIrish"]
[Result "1-0"]
[WhiteElo "1610"]
[BlackElo "1532"]
[Opening "Alekhine's defense"]
[ECO "B03"]
[Time "21:04:49"]
[TimeControl "2700+45"]

1. e4 Nf6 2. e5 Nd5 3. d4 d6 4. exd6 exd6 5. Nf3 Bg4 6. Be2 Be7 7. O-O O-O 8.
Re1 Nc6 9. c3 Re8 10. h3 Bh5 11. Nh2 Bg6 12. Bf3 Nf6 13. Bg5 h6 14. Bh4 d5 15.
Nd2 Ne4 16. Bxe7 Rxe7 17. Ng4 f5 18. Bxe4 dxe4 19. Ne3 f4 20. Nef1 Qd5 21. Qg4
Qf5 22. Qxf5 Bxf5 23. Re2 Rae8 24. Rae1 e3 25. fxe3 Bd3 26. e4 Bxe2 27. Rxe2 Nd8
28. e5 c5 29. Nb3 cxd4 30. cxd4 Nc6 31. Nh2 b5 32. Nf3 Nb4 33. a3 Nd5 34. Nc5
Ne3 35. Nh4 g5 36. Nf3 Rc7 37. b3 Nf5 38. b4 Ne3 39. g4 Nc4 40. d5 Nb6 41. d6
Rc6 42. Nd4 Rxc5 43. bxc5 Nc4 44. d7 Rd8 45. e6 f3 46. Re1 f2+ 47. Kxf2 Rf8+ 48.
Kg1 Nd2 49. e7 {Black resigns} 1-0

[Event "Team 45 45 League T48"]
[Site "Internet Chess Club"]
[Date "2011.03.12"]
[Round "5"]
[White "Esslinger"]
[Black "rom1"]
[Result "0-1"]
[WhiteElo "1362"]
[BlackElo "1555"]
[Opening "Grünfeld: modern exchange variation"]
[ECO "D85"]
[Time "14:04:24"]
[TimeControl "2700+45"]

1. d4 Nf6 2. c4 g6 3. Nc3 d5 4. cxd5 Nxd5 5. e4 Nxc3 6. bxc3 Bg7 7. Nf3 c5 8.
Qa4+ Nc6 9. Bb5 Bd7 10. Bd2 a6 11. Bxc6 Bxc6 12. Qc2 cxd4 13. cxd4 Bxd4 14. Nxd4
Qxd4 15. O-O O-O 16. Rfe1 Rac8 17. Bc3 Qc4 18. f3 Ba4 19. Qb2 Qxc3 20. Qxb7 Qc5+
21. Kh1 Qd6 22. Rab1 Rc7 23. Qb2 Rfc8 24. Re2 Qd3 25. Rd2 Qc3 26. Qxc3 Rxc3 27.
h3 Rc1+ 28. Rxc1 Rxc1+ 29. Kh2 Rc2 30. Rxc2 Bxc2 31. Kg1 Kg7 32. Kf2 Kf6 33. Ke3
e5 34. h4 h5 35. Kd2 Ba4 36. g4 Ke6 {White resigns} 0-1

[Event "Team 45 45 League T48"]
[Site "Internet Chess Club"]
[Date "2011.03.14"]
[Round "5"]
[White "check-man"]
[Black "zepled37"]
[Result "1-0"]
[WhiteElo "1724"]
[BlackElo "1643"]
[Opening "Catalan: closed, 5.Nf3"]
[ECO "E06"]
[Time "18:02:36"]
[TimeControl "2700+45"]

1. c4 e6 2. g3 d5 3. Bg2 Nf6 4. d4 Be7 5. Nf3 O-O 6. O-O c5 7. Qc2 cxd4 8. Nxd4
Nc6 9. Be3 Ng4 10. cxd5 Nxe3 11. fxe3 Nb4 12. Qb3 Nxd5 13. Rd1 Qb6 14. Bxd5 exd5
15. Qxb6 axb6 16. Nb5 Bg4 17. N1c3 Bc5 18. Nc7 Bxe3+ 19. Kg2 d4 20. Nxa8 dxc3
21. Nc7 cxb2 22. Rab1 Bc1 23. Re1 Bf5 24. e4 Bd7 25. Kf3 Rc8 26. Nd5 Rc2 27.
Nxb6 Bh3 28. Re2 Rxe2 29. Kxe2 Bg2 30. Kd3 Bf1+ 31. Kd4 Bb5 32. Nc4 Bxc4 33.
Kxc4 Kf8 34. Kb5 Ke7 35. Kb6 Kd6 36. a4 Ke5 37. a5 Kxe4 38. Kxb7 Kd3 39. a6 Kc3
40. a7 Kc2 41. Rxb2+ Kxb2 42. a8=Q {Black resigns} 1-0

[Event "Team 45 45 League T48"]
[Site "Internet Chess Club"]
[Date "2011.03.11"]
[Round "5"]
[White "bmw2002"]
[Black "rook9999"]
[Result "1-0"]
[WhiteElo "1569"]
[BlackElo "1775"]
[Opening "English opening"]
[ECO "A20"]
[Time "20:02:17"]
[TimeControl "2700+45"]

1. c4 e5 2. g3 c6 3. Bg2 d5 4. cxd5 cxd5 5. e3 Nc6 6. Ne2 Nf6 7. Nbc3 Bf5 8. a3
Be7 9. O-O e4 10. Nf4 g5 11. Nh5 Nxh5 12. Qxh5 Bg6 13. Qe2 a6 14. b4 b5 15. Bb2
Rf8 16. f4 gxf4 17. Rxf4 Bg5 18. Rff1 Ne5 19. Nd1 Nc4 20. Bd4 a5 21. Nc3 Qd7 22.
h4 Be7 23. Kh2 Rb8 24. Bh3 Qd8 25. h5 Bxh5 26. Qxh5 Nxd2 27. Rf5 Nf3+ 28. Kg2
Nxd4 29. exd4 axb4 30. axb4 Bxb4 31. Nxd5 Bd6 32. Ra7 {Black resigns} 1-0

[Event "Team 45 45 League T48"]
[Site "Internet Chess Club"]
[Date "2011.03.13"]
[Round "5"]
[White "mmf00"]
[Black "BrerRabbit"]
[Result "0-1"]
[WhiteElo "1847"]
[BlackElo "1561"]
[Opening "Pirc: classical, h3 system"]
[ECO "B08"]
[Time "19:04:32"]
[TimeControl "2700+45"]

1. e4 d6 2. d4 Nf6 3. Nc3 g6 4. Nf3 Bg7 5. h3 O-O 6. Be3 a6 7. Be2 c5 8. dxc5
Qa5 9. O-O dxc5 10. Qc1 Nc6 11. Rd1 Be6 12. Bh6 Qc7 13. Bxg7 Kxg7 14. Qe3 b6 15.
Nd5 Qb7 16. Nxf6 exf6 17. e5 fxe5 18. Nxe5 Nd4 19. Bd3 Rfe8 20. Qg3 Rad8 21. Ng4
Bf5 22. Bxf5 Ne2+ 23. Kh2 Nxg3 24. fxg3 Rxd1 25. Rxd1 gxf5 26. Nf2 Qc7 27. Rd3
Re2 28. Rf3 Kg6 29. h4 Rxc2 30. Nd3 Qe7 31. Nf4+ Kh6 {White resigns} 0-1

[Event "Team 45 45 League T48"]
[Site "Internet Chess Club"]
[Date "2011.03.13"]
[Round "5"]
[White "SpeedBlade"]
[Black "Mymas"]
[Result "0-1"]
[WhiteElo "1414"]
[BlackElo "1436"]
[Opening "English opening"]
[ECO "A20"]
[Time "18:03:13"]
[TimeControl "2700+45"]

1. c4 e5 2. g3 Nf6 3. Bg2 Bc5 4. Nc3 O-O 5. e3 Nc6 6. Nge2 d6 7. O-O Be6 8. Nd5
Bxd5 9. cxd5 Ne7 10. Nc3 Ng6 11. a3 Qd7 12. b4 Bb6 13. Bb2 a6 14. Qa4 Qxa4 15.
Nxa4 Ba7 16. Rac1 Rac8 17. Rc2 Ne7 18. e4 b5 19. Nc3 c6 20. dxc6 Nxc6 21. Rfc1
Nd4 22. Nd5 Rxc2 23. Rxc2 Nxc2 24. Ne7+ Kh8 25. Nc6 Bd4 {White resigns} 0-1

[Event "Team 45 45 League T48"]
[Site "Internet Chess Club"]
[Date "2011.03.13"]
[Round "5"]
[White "daniguti"]
[Black "MtzKid"]
[Result "1/2-1/2"]
[WhiteElo "1695"]
[BlackElo "1690"]
[Opening "French: Rubinstein variation"]
[ECO "C10"]
[Time "13:00:52"]
[TimeControl "2700+45"]

1. e4 e6 2. d4 d5 3. Nc3 dxe4 4. Nxe4 Nd7 5. Bd3 Ngf6 6. Nf3 Nxe4 7. Bxe4 Be7 8.
c3 Nf6 9. Bd3 O-O 10. Bg5 h6 11. Bh4 b6 12. Qe2 Bb7 13. O-O Nh5 14. Bxe7 Qxe7
15. Be4 Nf4 16. Qe3 Nd5 17. Qe2 Nf4 18. Qe3 Nd5 19. Qd2 c5 20. Rfe1 cxd4 21.
Nxd4 Rfd8 22. Qe2 Rac8 23. Rad1 Nf6 24. Bxb7 Qxb7 25. Nb5 Qe7 26. h3 a6 27. Nd4
Qb7 28. Nc2 b5 29. Rxd8+ Rxd8 30. Rd1 Rd5 31. Nb4 Rxd1+ 32. Qxd1 Nd5 33. Nxd5
Qxd5 34. Qxd5 exd5 35. Kf1 Kf8 36. Ke2 Ke7 37. Ke3 Kd6 38. Kd4 {Game drawn by
mutual agreement} 1/2-1/2

[Event "Team 45 45 League T48"]
[Site "Internet Chess Club"]
[Date "2011.03.13"]
[Round "5"]
[White "Magagna"]
[Black "Schack"]
[Result "1-0"]
[WhiteElo "1892"]
[BlackElo "1689"]
[Opening "QGD Slav: 4.Nc3"]
[ECO "D15"]
[Time "14:00:24"]
[TimeControl "2700+45"]

1. d4 d5 2. c4 c6 3. Nc3 Nf6 4. Nf3 a6 5. e3 b5 6. cxb5 cxb5 7. Bd3 e6 8. a3 Bb7
9. O-O Nbd7 10. Bd2 Bd6 11. Qb3 Ne4 12. Rfc1 O-O 13. Ne2 Ndf6 14. h3 Qd7 15. Bb4
Rfc8 16. Ne5 Qe7 17. Bxe4 Nxe4 18. Nd3 Bxb4 19. Qxb4 Qxb4 20. Nxb4 Rc4 21. b3
Rxc1+ 22. Rxc1 Rc8 23. Nd3 Rxc1+ 24. Nexc1 Kf8 25. f3 Nc3 26. Nc5 Bc8 27. Kf2
Nb1 28. a4 bxa4 29. bxa4 Ke7 30. Ke2 Na3 31. N1b3 Nc4 32. Nd2 Nxd2 33. Kxd2 Kd6
34. Kc3 Kc6 35. Kb4 Kb6 36. a5+ Kc6 37. f4 h5 38. g3 Kd6 39. g4 hxg4 40. hxg4
Kc6 41. g5 g6 42. Nd3 Kd7 43. Kc5 Ke7 44. Kb6 Kd6 45. Ne5 Bd7 46. Kxa6 {Black
resigns} 1-0

[Event "Team 45 45 League T48"]
[Site "Internet Chess Club"]
[Date "2011.03.11"]
[Round "5"]
[White "az2112"]
[Black "TwoEqualsOne"]
[Result "1/2-1/2"]
[WhiteElo "1752"]
[BlackElo "1694"]
[Opening "Sicilian: dragon variation"]
[ECO "B70"]
[Time "21:00:29"]
[TimeControl "2700+45"]

1. e4 c5 2. Nf3 d6 3. d4 cxd4 4. Nxd4 Nf6 5. Nc3 g6 6. Bc4 Bg7 7. O-O O-O 8. h3
a6 9. Bb3 b5 10. Nd5 Bb7 11. Nxf6+ Bxf6 12. Bh6 Bg7 13. Bxg7 Kxg7 14. Qf3 Qb6
15. Rad1 Nc6 16. Nxc6 Qxc6 17. Bd5 Qc7 18. Bxb7 Qxb7 19. Rd5 Rac8 20. c3 Rc5 21.
Rfd1 Rxd5 22. exd5 Rc8 23. Qe4 Rc4 24. Rd4 Rxd4 25. Qxd4+ Kg8 26. b3 Qc7 27. c4
bxc4 28. Qxc4 Qxc4 29. bxc4 Kf8 30. Kf1 Ke8 31. Ke2 Kd7 32. Kd3 Kc7 33. Kc3 Kb6
34. Kd4 g5 35. g3 e5+ 36. dxe6 fxe6 37. f4 gxf4 38. gxf4 a5 39. h4 h5 40. a3 Kc6
41. Ke4 Kc5 42. Kd3 Kb6 43. Kd4 {Game drawn by mutual agreement} 1/2-1/2

[Event "Team 45 45 League T48"]
[Site "Internet Chess Club"]
[Date "2011.03.14"]
[Round "5"]
[White "ILRE"]
[Black "clarinetref"]
[Result "1/2-1/2"]
[WhiteElo "1569"]
[BlackElo "1609"]
[Opening "Sicilian: closed"]
[ECO "B23"]
[Time "18:00:43"]
[TimeControl "2700+45"]

1. e4 c5 2. Nc3 d6 3. g3 Nc6 4. Bg2 Rb8 5. d3 e5 6. Be3 Nf6 7. Qd2 Be7 8. f4 Ng4
9. f5 Nxe3 10. Qxe3 Bg5 11. Qf2 Qb6 12. Rb1 Nd4 13. Nf3 Bf6 14. O-O Bd7 15. Nd5
Qd8 16. Nxf6+ Qxf6 17. c3 Nc6 18. g4 g5 19. Ne1 h5 20. Qg3 h4 21. Qf3 Ne7 22. h3
Bc6 23. Qe2 Bb5 24. Qd2 Rd8 25. c4 Bc6 26. Nc2 b5 27. b3 Kf8 28. Ne3 b4 29. Ra1
Kg7 30. a3 a5 31. axb4 axb4 32. Ra7 Ra8 33. Rfa1 Rxa7 34. Rxa7 Ra8 35. Rxa8 Bxa8
36. Qa2 Bc6 37. Qa7 Kf8 38. Qc7 Be8 39. Qd8 Ng8 40. Qa8 Ne7 41. Qd8 Ng8 42. Qa8
Ne7 43. Kf2 Qg7 44. Qd8 Qf6 45. Nd1 Nd5 46. Qxf6 Nxf6 47. Ne3 Bc6 48. Ke2 Ke7
49. Kd2 Nd7 50. Kc2 f6 51. Bf3 Kd8 52. Kb2 Kc7 53. Be2 Kb6 54. Bf3 Ka5 55. Bd1
Nb8 56. Ka2 Nd7 57. Kb2 Nb6 58. Ka2 Nd7 59. Kb2 {Game drawn by repetition}
1/2-1/2

[Event "Team 45 45 League T48"]
[Site "Internet Chess Club"]
[Date "2011.03.12"]
[Round "5"]
[White "Boromir"]
[Black "DARKwizard1"]
[Result "0-1"]
[WhiteElo "1935"]
[BlackElo "1998"]
[Opening "Queen's pawn: Lundin (Kevitz-Mikenas) defense"]
[ECO "A40"]
[Time "15:05:15"]
[TimeControl "2700+45"]

1. d4 Nc6 2. d5 Ne5 3. e4 d6 4. Nf3 Nf6 5. Nxe5 dxe5 6. Bd3 e6 7. c4 Bd6 8. Nc3
h6 9. O-O O-O 10. a3 b6 11. b4 a5 12. bxa5 Rxa5 13. Nb5 Qe7 14. Nxd6 Qxd6 15. a4
Rd8 16. Bd2 Ra7 17. Be3 Ra5 18. Qb3 Ng4 19. Bd2 Ra8 20. h3 Nf6 21. Be3 Nd7 22.
f4 Nc5 23. fxe5 Nxb3 24. exd6 Nxa1 25. dxc7 Rd7 26. Rxa1 exd5 27. exd5 Rxc7 28.
Bxb6 Rd7 29. Be4 Re7 30. Bc2 Bb7 31. d6 Re2 32. Bf5 Rxg2+ 33. Kf1 Rg5 34. Bg4 h5
35. Be2 Bc6 36. c5 Rxa4 37. Rd1 Rf4+ 38. Ke1 Rg1+ 39. Kd2 Rd4+ 40. Kc1 Rdxd1+
41. Bxd1 Ba4 42. Kb2 Rxd1 43. Ka3 Bc6 44. Kb4 Kf8 45. Bc7 Ke8 46. Ka5 Kd7 47.
Kb6 g5 {White resigns} 0-1

[Event "Team 45 45 League T48"]
[Site "Internet Chess Club"]
[Date "2011.03.14"]
[Round "5"]
[White "Achelous"]
[Black "ferrari9182"]
[Result "0-1"]
[WhiteElo "1619"]
[BlackElo "1948"]
[Opening "Sicilian defense"]
[ECO "B40"]
[Time "19:30:10"]
[TimeControl "2700+45"]

1. e4 c5 2. Nf3 e6 3. c4 a6 4. b3 Nc6 5. Bb2 Nf6 6. d3 Be7 7. g3 O-O 8. Bg2 d5
9. Nbd2 Nb4 10. Qb1 dxe4 11. dxe4 Nd3+ 12. Ke2 Nxb2 13. Qxb2 Qc7 14. Rad1 Bd7
15. Ne1 Bc6 16. f3 Rad8 17. Nd3 Rd4 18. b4 b6 19. Nb3 Rxc4 20. bxc5 bxc5 21. Ne5
Rb4 22. Nxc6 Qxc6 23. Qc3 Qb5+ 24. Qd3 c4 {White resigns} 0-1

[Event "Team 45 45 League T48"]
[Site "Internet Chess Club"]
[Date "2011.03.13"]
[Round "5"]
[White "kidcobra"]
[Black "Warpdrive"]
[Result "0-1"]
[WhiteElo "1691"]
[BlackElo "1596"]
[Opening "Caro-Kann: classical, Maróczy attack"]
[ECO "B18"]
[Time "15:02:22"]
[TimeControl "2700+45"]

1. e4 c6 2. d4 d5 3. Nc3 dxe4 4. Nxe4 Bf5 5. Ng3 Bg6 6. f4 e6 7. Nf3 Bd6 8. Bd3
Bxd3 9. Qxd3 Nf6 10. O-O Nbd7 11. Ne5 O-O 12. c3 Nxe5 13. fxe5 Bxe5 14. Ne4 Nxe4
15. Qxe4 Bd6 16. Rf3 Qe7 17. Bf4 Bxf4 18. Qxf4 Rad8 19. Re1 Rd5 20. Re5 Rxe5 21.
Qxe5 f6 22. Qe4 Qd6 23. Rg3 Qd5 24. Qxd5 exd5 25. Kf2 Re8 26. Re3 Re4 27. Kf3 f5
28. h3 Kf7 29. g4 fxg4+ 30. hxg4 Rxe3+ 31. Kxe3 Kg6 32. Kf4 h5 33. g5 h4 34. Kg4
h3 35. Kxh3 Kxg5 36. Kg3 Kf5 37. Kf3 g5 38. Kg3 g4 39. Kf2 Kf4 40. Kg2 Ke4 41.
Kg3 Kd3 42. Kxg4 Kc2 43. Kf5 Kxb2 44. Ke5 Kxc3 45. a4 Kb4 46. Kd6 Kxa4 47. Kc5
Ka5 48. Kd6 Kb6 49. Ke5 a5 50. Kd6 a4 51. Kd7 a3 52. Kd6 a2 53. Ke5 a1=Q 54. Kd6
Qxd4 55. Ke6 c5 56. Kd7 c4 57. Kc8 c3 58. Kb8 Qh8# {White checkmated} 0-1